Unix NetHack Version 3.7.0-95 Work-in-progress - last build Jan 1 2024 20:51:50 (6a0ccc5fa2390e420dd2d488a2f9488d2ae3a63b,branch:master). Game began 2024-01-14 10:17:30, ended 2024-01-14 20:10:04. spontiff, neutral male gnomish Healer *## ## ------ #)###*# #################################################-..<.| ##*# ##*0 #-------------------------------- # #|....| -......*0 #######|..............................-###### #|....| |[.....############| ------ -------------..-----.| ## #.....| |.....| # # |...|. |..|..-[..|.| ------ |.....| ## # |...|. |..-..|.[.|.. |.....-##### # |.@.||------|..|...|.| |.....| # |...|....|..|[-----|.| |.....| # |--|-....|..|.-.*..|.| ------- # --+-..{.....|..|.|.._.|.| # |.............--|-.|...[|.| # -- --....-|--..(...|....|.| # |....|..|---|-------|.| # |....|%?|....| .| # |....|/*|....| |.| # -..{.--------- -.| # ........... .| # ------------- --- Spontiff the Rhizotomist St:9 Dx:10 Co:18 In:8 Wi:16 Ch:16 Neutral S:228 Dlvl:5 $:0 HP:0(33) Pw:6(6) AC:3 Xp:1/7 T:3929 Blind Latest messages: Your movements are now unencumbered. You drop an uncursed +0 hooded cloak. You drop a cursed hooded cloak. You drop a cursed hooded cloak. You drop an uncursed +0 studded leather armor. You drop an uncursed apple. You drop an uncursed food ration. You drop a cursed tin. You drop 2 uncursed scrolls labeled NR 9. You drop an uncursed scroll labeled VAS CORP BET MANI. You drop an uncursed scroll labeled VELOX NEB. You drop an uncursed scroll called ELAM mi?. You drop an uncursed mottled spellbook. You drop an uncursed red spellbook. You drop an uncursed thin spellbook. You drop an uncursed yellow spellbook. You drop an uncursed spellbook of healing. You drop an uncursed brilliant blue potion. You drop an uncursed brown potion. You drop an uncursed fizzy potion. You drop an uncursed puce potion. You drop an uncursed swirly potion. You drop a blessed potion called water. You drop a blessed potion of healing. You drop an uncursed tiger eye ring. You drop an uncursed wand of lightning. You drop an uncursed wand of sleep (0:2). You drop an uncursed wand of speed monster. You drop an uncursed key. You drop an uncursed blindfold. You drop an uncursed magic whistle. You drop an uncursed stethoscope. You drop an uncursed gem called a1. You drop 2 uncursed gems called u1. You drop an uncursed gem called v1. You drop a cursed gem called y1. H - an uncursed wand of lightning. There are several objects here. You swap places with your large cat. What do you want to use or apply? [H or ?*] s You don't have that object. What do you want to use or apply? [H or ?*] Never mind. What do you want to zap? [H or ?*] H In what direction? . You shock yourself! You are blinded by the flash! You die... Do you want your possessions identified? [ynq] (y) y Do you want to see the dungeon overview? [ynq] (y) y Inventory: Wands H - an uncursed wand of lightning (0:6) Spontiff the Healer's attributes: Background: You were a Rhizotomist, a level 1 male gnomish Healer. You were neutral, on a mission for Hermes who was opposed by Athena (lawful) and Poseidon (chaotic). You were right-handed. You were in the Gnomish Mines, on level 5. You entered the dungeon 3929 turns ago. You had 7 experience points, 13 more were needed to attain level 2. Your score was 228 before end-of-game adjustments. Basics: You had 0 out of 33 hit points. You had all 6 energy points (spell power). Your armor class was 3. Your wallet was empty. Autopickup was on for '$!/="?' plus thrown, with exceptions. Final Characteristics: Your strength was 9 (limit:18/50). Your dexterity was 10 (limit:18). Your constitution was 18 (limit:18). Your intelligence was 8 (limit:19). Your wisdom was 16 (limit:18). Your charisma was 16 (limit:18). Final Status: You were temporarily blind. You weren't hungry. You were unencumbered. You were bare handed. You were unskilled in bare handed combat. You weren't wearing any armor. Final Attributes: You were devoutly aligned. You were poison resistant. You had infravision. You had a moderate defense bonus (+7). You were warded. You are dead. Miscellaneous: You never encountered a bones level. Total elapsed playing time was 2 hours, 9 minutes and 10 seconds. Major events: Turn 1: spontiff the neutral male gnomish Healer entered the dungeon 1509: entered the Gnomish Mines 3575: reached Mine Town 3929: zapped himself with a wand of lightning Vanquished creatures: a watchman a mountain nymph 3 shriekers 5 dwarves 3 monkeys 2 werejackals an iguana 2 acid blobs 2 coyotes 6 hobbits 7 giant rats a brown mold a yellow mold a red mold 6 gnomes a gnome zombie 6 geckos 4 jackals 3 foxes 2 kobolds 6 goblins 6 lichens 17 newts 87 creatures vanquished. No species were genocided or became extinct. Voluntary challenges: You never hit with a wielded weapon. You were illiterate. You never engraved Elbereth. You never genocided any monsters. You never polymorphed an object. You never changed form. You used no wishes. Achievements: You entered the Gnomish Mines. You entered Minetown. You entered a temple. The Dungeons of Doom: levels 1 to 4 Level 1: Level 2: "another spare box" A fountain, a grave. Stairs down to The Gnomish Mines. Level 3: "Spare box" Level 4: "Spare box" The Gnomish Mines: levels 3 to 5 Level 3: Level 4: Level 5: <- You were here. A temple and an altar to Hermes, some fountains. Final resting place for you, zapped yourself with a wand of lightning. Game over: ---------- / \ / REST \ / IN \ / PEACE \ / \ | spontiff | | 0 Au | | zapped himself | | with a wand of | | lightning | | | | 2024 | *| * * * | * _________)/\\_//(\/(/\)/\//\/|_)_______ Goodbye spontiff the Healer... You died in The Gnomish Mines on dungeon level 5 with 228 points, and 0 pieces of gold, after 3929 moves. You were level 1 with a maximum of 33 hit points when you died.